 Dungeon Crawl Stone Soup version 0.31-a0-960-g0fca184906 (webtiles) character file.

Game seed: 10680432612721148587

4134 Arzdou the Fighter (level 10, -2/86 HPs)
             Began as a Merfolk Monk on Oct 22, 2023.
             Was a Priest of Nemelex Xobeh.
             Slain by a vampire mosquito (10 damage)
             ... on level 8 of the Dungeon.
             The game lasted 00:16:58 (6285 turns).

Arzdou the Fighter (Merfolk Monk)                   Turns: 6285, Time: 00:16:59

Health: -2/86      AC:  8    Str: 19    XL:     10   Next: 27%
Magic:  17/17      EV: 13    Int: 10    God:    Nemelex Xobeh [***...]
Gold:   282        SH:  0    Dex: 19    Spells: 9/9 levels left

rFire   . . .        k - +11 flail of Theory {heavy, Fly Str+6 SInv}
rCold   . . .        d - orb {light}
rNeg    . . .        w - +0 ring mail {rPois}
rPois   +            C - +0 helmet
rElec   .            h - +0 cloak
rCorr   .            (no gloves)
SInv    +            l - +0 pair of boots
Will    .....        (no amulet)
Stlth   +            (no ring)
HPRegen 0.34/turn    (no ring)
MPRegen 0.15/turn

%: no passive effects
@: flying, glowing, studying Earth Magic
A: (nimble swimmer 2), mertail
a: Renounce Religion, Draw Escape, Draw Destruction, Draw Summoning, Triple Draw


You were on level 8 of the Dungeon.
You worshipped Nemelex Xobeh.
Nemelex Xobeh was most pleased with you.
You visited 1 branch of the dungeon, and saw 8 of its levels.

You collected 282 gold pieces.

Inventory:

Hand Weapons
 a - a +1 falchion
 k - the +11 flail of Theory (weapon) {heavy, Fly Str+6 SInv}
   (You found it on level 2 of the Dungeon)

   Str+6:     It affects your strength (+6).
   SInv:      It lets you see invisible.
   Fly:       It grants you flight.
Missiles
 G - a curare-tipped dart (quivered)
Armour
 b - a +0 robe
 d - an orb of light (worn)
 h - a +0 cloak (worn)
 l - a +0 pair of boots (worn)
 o - a +0 ring mail
 w - a +0 ring mail of poison resistance (worn)
 C - a +0 helmet (worn)
Jewellery
 u - a ring of protection from fire
Wands
 c - a wand of roots (6)
 p - a wand of charming (10)
 v - a wand of flame (40)
Scrolls
 e - 3 scrolls of teleportation
 i - a scroll of butterflies
 j - 2 scrolls of enchant weapon
 n - 4 scrolls of poison
 r - 2 scrolls of vulnerability
 t - 2 scrolls of revelation
 x - 3 scrolls of fog
 y - a scroll of immolation {unknown}
 B - 2 scrolls of noise {unknown}
 F - a scroll of identify
 H - a scroll of fear {unknown}
Potions
 f - 4 potions of curing {unknown}
 g - 5 potions of lignification {unknown}
 m - 2 potions of brilliance {unknown}
 q - a potion of haste {unknown}
 s - 2 potions of attraction {unknown}
 z - a potion of enlightenment {unknown}
 A - 2 potions of berserk rage {unknown}
 D - a potion of ambrosia
 E - a potion of invisibility {unknown}


   Skills:
 + Level 10.6 Fighting
 - Level 5.4 Long Blades
 + Level 4.4 Maces & Flails
 - Level 4.0 Dodging
 + Level 10.0 Invocations


You had 9 spell levels left.
You didn't know any spells.
Your spell library contained the following spells:

 Spells                   Type           Power      Damage    Failure   Level
 Freeze                   Ice            0%         1d3       54%         1
 Necrotise                Necr           0%         1d4       54%         1
 Slow                     Hex            0%         N/A       54%         1
 Wereblood                Tmut           0%         N/A       69%         2
 Confusing Touch          Hex            0%         N/A       89%         3
 Frozen Ramparts          Ice            0%         1d1       89%         3
 Hailstorm                Conj/Ice       0%         3d3       89%         3
 Sigil of Binding         Hex            0%         N/A       89%         3
 Vampiric Draining        Necr           0%         2d6       89%         3
 Agony                    Necr           0%         N/A       100%        5
 Irradiate                Conj/Tmut      0%         3d11      100%        5


Dungeon Overview and Level Annotations

Branches:
Dungeon (8/15)             Temple (0/1) D:7
   Lair: D:8-11

Altars:
Ashenzari
Dithmenos
Fedhas
Hepliaklqana
Nemelex Xobeh
Sif Muna
Uskayaw
Wu Jian

Shops:
D:4 =

Annotations:
D:8 Maggie


Innate Abilities, Weirdness & Mutations

((You are very nimble when in or above water. (Stealth+, EV+, Speed+++)))
Your lower body shifts to a powerful aquatic tail in water.


Message History

The slime creature hits you but does no damage.
The vampire mosquito bites you but does no damage.
You completely miss the slime creature.
The slime creature is severely wounded.
The vampire mosquito bites you.
The vampire mosquito draws strength from your injuries!
A vampire mosquito comes into view.
The centaur barely misses you. The centaur closely misses you.
The vampire mosquito misses you. The centaur closely misses you.
The centaur kicks you but does no damage.
Two slime creatures merge to form a large slime creature.
The vampire mosquito barely misses you. The centaur closely misses you. x2
A howler monkey comes into view.
You hit the large slime creature.
The large slime creature is heavily wounded.
The vampire mosquito misses you. The centaur closely misses you.
The centaur kicks you but does no damage.
The vampire mosquito bites you but does no damage.
The centaur hits you but does no damage.
The centaur kicks you.
The large slime creature barely misses you.
The vampire mosquito bites you.
The vampire mosquito draws strength from your injuries!
The centaur hits you but does no damage.
The centaur closely misses you. The large slime creature hits you!!
* * * LOW HITPOINT WARNING * * *
The vampire mosquito closely misses you.
You hear two shouts!
There is an open door here.
The vampire mosquito bites you.
* * * LOW HITPOINT WARNING * * *
The vampire mosquito draws strength from your injuries!
You bludgeon the vampire mosquito!!
The vampire mosquito is almost destroyed.
The vampire mosquito bites you.
* * * LOW HITPOINT WARNING * * *
The vampire mosquito draws strength from your injuries!
The vampire mosquito bites you!
You die...
Your body glows with a rainbow of weird colours and disappears.

#...#. ...#...# #...##.
###.#.### #...+..## #.....#
#...##... ####.#.###
#...#...h###..#.).#...#
#...##..JYy..##.#####.#
#...# #c# #.....#...#
#...#####y#########'#####.
##.......@................
##......#......#..#####..
#.#########...##)##.....
##.# ###.#...)...#.. #..#
####......))....... ###.##
#........##.#.....# #...#
######†#.........##
#.##########...............
#.##...#...##.......###..##


You could see a large slime creature, 2 vampire mosquitoes, a sky beast, a
centaur and a howler monkey.

Vanquished Creatures
  A goliath frog (D:8)
  An unseen horror (D:8)
  A gargoyle (D:8)
  A wyvern (D:8)
  A golden eye (D:5)
  A water moccasin (D:7)
  An acid dragon (D:8)
  3 sky beasts
  2 ice beasts
  2 black bears
  An ogre (D:4)
  2 centaurs
  2 lemures (D:5)
  A kobold brigand (D:8)
  A phantom (D:5)
  A bullfrog (D:7)
  4 scorpions
  4 howler monkeys
  A quasit (D:5)
  A cerulean imp (D:5)
  6 hounds
  Crazy Yiuf (D:4)
  2 iguanas (D:5)
  Ijyb (D:3)
  Natasha (thrice) (D:3)
  6 orc wizards
  7 gnolls
  8 adders
  A river rat (D:5)
  A shadow imp (D:7)
  2 white imps (D:7)
  5 worms
  3 dart slugs
  19 orcs
  5 bats (D:1)
  8 endoplasms
  2 giant cockroaches
  6 goblins
  4 hobgoblins
  6 quokkas
  6 ball pythons
  3 frilled lizards
  11 kobolds
  5 rats
153 creatures vanquished.

Vanquished Creatures (collateral kills)
  Jeremiah (D:6)
  A worm (D:3)
2 creatures vanquished.

Grand Total: 155 creatures vanquished

Notes
Turn   | Place    | Note
-------+----------+-------------------------------------------
     0 | D:1      | Arzdou the Merfolk Monk began the quest for the Orb.
     0 | D:1      | Reached XP level 1. HP: 18/18 MP: 1/1
    21 | D:1      | You fall into a shaft and drop 1 floor!
    79 | D:1      | Reached XP level 2. HP: 12/24 MP: 2/2
   318 | D:1      | Reached XP level 3. HP: 29/29 MP: 3/3
   322 | D:1      | Reached skill level 5 in Long Blades
  1230 | D:2      | Identified the +11 flail of Theory {heavy, Fly Str+6 SInv}
  1420 | D:2      | Found a sparkling altar of Nemelex Xobeh.
  1479 | D:2      | Became a worshipper of Nemelex Xobeh the Trickster
  1479 | D:2      | Reached * piety under Nemelex Xobeh
  1479 | D:2      | Received a gift from Nemelex Xobeh
  1479 | D:2      | Reached ** piety under Nemelex Xobeh
  1508 | D:2      | Reached XP level 4. HP: 35/35 MP: 4/4
  1603 | D:2      | Received a gift from Nemelex Xobeh
  1667 | D:3      | Noticed Natasha
  1671 | D:3      | Killed Natasha
  1672 | D:3      | Reached skill level 1 in Invocations
  1815 | D:3      | Found a hide-covered altar of Uskayaw.
  1862 | D:3      | Noticed Natasha
  1864 | D:3      | Killed Natasha
  1865 | D:3      | Reached XP level 5. HP: 42/42 MP: 6/6
  1954 | D:3      | Noticed Ijyb
  1957 | D:3      | Killed Ijyb
  2149 | D:3      | Noticed Natasha
  2154 | D:3      | Killed Natasha
  2298 | D:3      | Received a gift from Nemelex Xobeh
  2398 | D:4      | Found a runed translucent door.
  2399 | D:4      | Noticed Crazy Yiuf
  2403 | D:4      | Killed Crazy Yiuf
  2561 | D:4      | Identified the +3 falchion of Cowardice {freeze, rElec MP+9
                  | Stlth+}
  2565 | D:4      | Noticed an ogre
  2568 | D:4      | Killed an ogre
  2569 | D:4      | Reached skill level 5 in Fighting
  2569 | D:4      | Reached XP level 6. HP: 51/51 MP: 8/8
  2625 | D:4      | Noticed a black bear
  2629 | D:4      | Killed a black bear
  2630 | D:4      | Reached skill level 1 in Maces & Flails
  2659 | D:4      | Found Kuycveg's Jewellery Emporium.
  2933 | D:4      | Reached XP level 7. HP: 29/56 MP: 9/9
  3174 | D:5      | Entered Level 5 of the Dungeon
  3438 | D:5      | Reached *** piety under Nemelex Xobeh
  3462 | D:5      | Noticed Pikel
  3476 | D:5      | Pikel changed into Pikel the golden eye
  3476 | D:5      | Noticed Pikel
  3521 | D:5      | Reached skill level 5 in Invocations
  3521 | D:5      | Reached XP level 8. HP: 34/65 MP: 11/11
  3545 | D:5      | Killed Pikel the golden eye
  3840 | D:5      | Found a shadowy altar of Dithmenos.
  4484 | D:6      | Found a blossoming altar of Fedhas.
  4497 | D:6      | Found a shimmering blue altar of Sif Muna.
  4509 | D:6      | Noticed Jeremiah
  4512 | D:6      | Found an ornate altar of the Wu Jian Council.
  4522 | D:6      | Killed Jeremiah
  4657 | D:6      | Found a broken altar of Ashenzari.
  4657 | D:6      | Found a sparkling altar of Nemelex Xobeh.
  4717 | D:6      | Reached XP level 9. HP: 69/75 MP: 14/14
  5065 | D:7      | Received a gift from Nemelex Xobeh
  5066 | D:7      | Found a staircase to the Ecumenical Temple.
  5451 | D:7      | Reached **** piety under Nemelex Xobeh
  5969 | D:8      | Noticed a gargoyle
  5972 | D:8      | Killed a gargoyle
  5973 | D:8      | Reached skill level 10 in Fighting
  6001 | D:8      | Noticed an unseen horror
  6001 | D:8      | Noticed a two-headed ogre
  6001 | D:8      | Noticed a manticore
  6001 | D:8      | Noticed a boulder beetle
  6001 | D:8      | Noticed Maggie
  6001 | D:8      | Noticed a red ugly thing
  6002 | D:8      | a manticore changed into a goliath frog
  6002 | D:8      | Noticed a goliath frog
  6002 | D:8      | a two-headed ogre changed into a swamp dragon
  6002 | D:8      | Noticed a swamp dragon
  6002 | D:8      | a boulder beetle changed into a wolf spider
  6002 | D:8      | Noticed a wolf spider
  6002 | D:8      | Maggie changed into Maggie the steam dragon
  6002 | D:8      | Noticed Maggie
  6002 | D:8      | Killed a goliath frog
  6002 | D:8      | a swamp dragon changed into a basilisk
  6002 | D:8      | a wolf spider changed into a guardian serpent
  6002 | D:8      | Noticed a guardian serpent
  6002 | D:8      | Maggie the steam dragon changed into Maggie the jelly
  6002 | D:8      | Noticed Maggie
  6002 | D:8      | Noticed a boulder beetle
  6003 | D:8      | Reached XP level 10. HP: 86/86 MP: 8/17
  6006 | D:8      | Killed an unseen horror
  6234 | D:8      | Reached skill level 10 in Invocations
  6245 | D:8      | Found a hazy altar of Hepliaklqana.
  6285 | D:8      | Slain by a vampire mosquito

Illustrated notes

Levels and vault maps discovered:
D:1:      dpeg_arrival_circle_labyrinth_b, layout_basic
D:2:      layout_rooms, basic_altar
D:3:      layout_basic, mainiacjoe_overflow_concentric_impassable, uniq_natasha,
          uniq_ijyb
D:4:      layout_loops_ring, serial_shops, shop, uniq_crazy_yiuf_cottage
D:5:      layout_basic, nicolae_dithmenos_through_a_glass_darkly,
          lightli_sewer_entry_pipes, uniq_pikel
D:6:      layout_rooms, mainiacjoe_overflow_large_starburst,
          mainiacjoe_overflow_divided_tiny, nzn_wu_jian_council_hall,
          uniq_jeremiah
D:7:      layout_gridville, dreamdust_gnoll_farm
D:8:      layout_rooms, amcnicky_altar_gilded, marbit_many_paths,
          lair_entry_dummy, minmay_the_grid_2x2 [minmay_the_grid_box_x,
          minmay_the_grid_tiny_cups, minmay_the_grid_paths,
          minmay_the_grid_prize_big_room], uniq_maggie

Skill      XL: |  1  2  3  4  5  6  7  8  9 10 |
---------------+-------------------------------+-----
Long Blades    | 4 5 |  5.4
Invocations    | 2 3 5 7 9 10 | 10.0
Fighting       | 4 5 6 8 10 | 10.6
Maces & Flails | 1 2 3 4 |  4.4
Dodging        | |  4.0

Action                     |  1- 3 |  4- 6 |  7- 9 | 10-12 || total
---------------------------+-------+-------+-------+-------++-------
  Melee: Falchion          |    77 |       |       |       ||    77
         Flail             |     6 |    45 |   157 |    12 ||   220
 Invoke: Draw Destruction  |       |     5 |     5 |     1 ||    11
         Draw Summoning    |       |     1 |     1 |       ||     2
         Draw Escape       |       |       |     1 |     1 ||     2
         Deal Four         |       |       |     1 |       ||     1
    Use: Scroll            |       |     4 |     3 |     1 ||     8
         Potion            |       |       |     1 |       ||     1
   Stab: Sleeping          |       |       |     1 |       ||     1
 Armour: Robe              |    30 |       |       |       ||    30
         Ring mail         |       |    36 |   208 |    36 ||   280
  Dodge: Dodged            |    69 |    38 |   202 |    31 ||   340

Table legend: (Time is in decaauts)
 A = Elapsed time spent in this place.
 B = Non-inter-level travel time spent in this place.
 C = Inter-level travel time spent in this place.
 D = Time resting spent in this place.
 E = Time spent auto-exploring this place.
 F = Levels seen in this place.
 G = Mean time per level.
                   A        B        C        D        E       F      G
               +--------+--------+--------+--------+--------+-----+--------+
         Total |   6461 |   6168 |    293 |      0 |   5024 |   8 |  807.6 |
       Dungeon |   6461 |   6168 |    293 |      0 |   5024 |   8 |  807.6 |
               +--------+--------+--------+--------+--------+-----+--------+

Top non-repeatable levels by time:
     D:5: 1313 daAuts
     D:1: 1191 daAuts
     D:7: 955 daAuts
     D:4: 857 daAuts
     D:3: 711 daAuts
     D:6: 566 daAuts
     D:2: 473 daAuts
     D:8: 392 daAuts
